 Dungeon Crawl Stone Soup version 0.14.0-7-g2801ba0 (webtiles) character file.

1611 Qrupt the Spear-Bearer (level 8, 0/56 HPs)
             Began as a Merfolk Gladiator on Apr 12, 2014.
             Succumbed to a scorpion's poison
             ... on Level 6 of the Dungeon.
             The game lasted 00:19:09 (6144 turns).

Qrupt the Spear-Bearer (Merfolk Gladiator)          Turns: 6144, Time: 00:19:10

HP   0/56        AC  9     Str 16      XL: 8   Next: 70%
MP   8/8         EV 11     Int 12      God:
Gold 206         SH  0     Dex 16      Spells:  2 memorised,  3 levels left

rFire  . . .     SeeInvis .     a - +0,-1 trident
rCold  . . .     Clarity  .     y - +1 ring mail {rN+}
rNeg   + . .     Conserve .     (no shield)
rPois  +         rCorr    .     c - +1 helmet
rElec  .         rRot     .     (no cloak)
SustAb . .       Spirit   .     (no gloves)
rMut   .         Warding  .     m - +0 pair of boots
Saprov . . .     Stasis   .     (no amulet)
MR     +....                    (no ring)
                                (no ring)

@: confused, brilliant, lethally poisoned, very slightly contaminated, hasted,
very quick, somewhat resistant to hostile enchantments, extremely unstealthy
A: change form in water, swift swim, deterioration 1, magic resistance 1, poison
resistance
a: no special abilities


You were on level 6 of the Dungeon.
You were hungry.

You visited 1 branch of the dungeon, and saw 6 of its levels.
You also visited: Sewer.

You collected 206 gold pieces.

Inventory:

Hand weapons
 a - a +0,-1 trident (weapon)
Missiles
 d - 3 throwing nets (quivered)
Armour
 c - a +1 helmet (worn)
 m - a +0 pair of boots (worn)
 y - a +1 ring mail of positive energy (worn)
Magical devices
 b - a wand of slowing (16) {unknown}
Comestibles
 f - 3 bread rations
 s - 2 snozzcumbers
 t - 5 pears
 z - 2 meat rations
Scrolls
 e - 2 scrolls of remove curse
 g - a scroll of enchant weapon II
 h - 4 scrolls of enchant armour
 o - 5 scrolls of identify
 p - a scroll of recharging
Jewellery
 i - an uncursed ring of sustenance
 l - an uncursed ring of poison resistance {unknown}
Potions
 u - a potion of lignification
 x - a potion of berserk rage {unknown}
Books
 A - a book of Minor Magic

   Spells                             Type                      Level
   Magic Dart                         Conjuration                  1
   *Blink                             Translocation                2
   Call Imp                           Summoning                    2
   *Repel Missiles                    Charms/Air                   2
   Slow                               Hexes                        2
   Conjure Flame                      Conjuration/Fire             3
   Mephitic Cloud                     Conjuration/Poison/Air       3


   Skills:
 - Level 2.1 Fighting
 + Level 14.6 Polearms
 - Level 2.0 Throwing
 - Level 4.0 Dodging


You had 3 spell levels left.
You knew the following spells:

 Your Spells              Type           Power        Failure   Level  Hunger
a - Blink                 Tloc           N/A          10%         2    ###....
b - Repel Missiles        Chrm/Air       #.....       10%         2    ###....


Dungeon Overview and Level Annotations

Branches:
Dungeon (6/15)             Temple (0/1) D:6

Altars:
Xom


Innate Abilities, Weirdness & Mutations

You revert to your normal form in water.
You are very nimble and swift while swimming.
Your body is slowly deteriorating.
You are resistant to hostile enchantments.
Your system is resistant to poisons.


Message History

* * * LOW HITPOINT WARNING * * *
Drink which item? (? for menu, Esc to quit)
You feel clever all of a sudden.
It was a potion of brilliance.
* * * LOW HITPOINT WARNING * * *
You feel sick. The jelly closely misses you. The scorpion stings you.
* * * LOW HITPOINT WARNING * * *
Drink which item? (? for menu, Esc to quit)
You feel extremely strange.
You feel yourself wasting away.
You feel resistant to hostile enchantments.
You feel healthy.
It was a potion of mutation.
You are feeling hungry.
* * * LOW HITPOINT WARNING * * *
You feel sick. The rat closely misses you.
Drink which item? (? for menu, Esc to quit)
You are confused.
It was a potion of confusion.
You die...

................o.# .
.........########........
. ........?# #....... .
.........# #.#.P.P.
.......r.# #.#..>..
####.....# #...P.P
#.....# #.# ..
#..<..########.#####
#.....o..J@sFa......
#........r##########
#.........# #.........#
#.........# #..........
... ........... ....
..#######.. ...#####.# .


You could see a giant frog, a scorpion, a jelly, a worker ant, an orc and a rat.

Vanquished Creatures
  Prince Ribbit (D:5)
  Eustachio (D:4)
  A sky beast (D:4)
  An ogre (D:4)
  3 giant frogs
  Blork the orc (D:6)
  A giant frog zombie (D:6)
  A big fish (D:5)
  2 crimson imps
  A jelly (D:4)
  A giant frog skeleton (D:4)
  An iron imp (D:4)
  An iguana (D:6)
  5 orc wizards
  2 worker ants (D:5)
  4 gnolls (D:2)
  9 adders
  A green rat (D:4)
  A scorpion zombie (D:4)
  A giant mite (D:2)
  An inept feature mimic (D:4)
  3 worms
  A giant eyeball (D:4)
  A giant gecko (D:6)
  20 orcs
  3 giant cockroaches
  14 goblins
  14 hobgoblins
  11 kobolds
  8 quokkas
  4 ball pythons
  10 bats
  3 giant newts
  A kobold zombie (D:5)
  10 rats
143 creatures vanquished.

Notes
Turn   | Place    | Note
--------------------------------------------------------------
     0 | D:1      | Qrupt, the Merfolk Gladiator, began the quest for the Orb.
     0 | D:1      | Reached XP level 1. HP: 16/16 MP: 1/1
   209 | D:1      | Reached skill level 5 in Polearms
   216 | D:1      | Reached XP level 2. HP: 16/22 MP: 2/2
   788 | D:2      | Reached skill level 6 in Polearms
   788 | D:2      | Reached XP level 3. HP: 27/27 MP: 3/3
  1280 | D:2      | Reached XP level 4. HP: 33/33 MP: 4/4
  1284 | D:2      | Reached skill level 7 in Polearms
  1846 | D:3      | Noticed a giant frog
  1853 | D:3      | Killed a giant frog
  1853 | D:3      | Reached skill level 8 in Polearms
  1853 | D:3      | Reached XP level 5. HP: 25/38 MP: 5/5
  2370 | D:2      | Reached skill level 9 in Polearms
  2592 | D:3      | Reached XP level 6. HP: 19/44 MP: 6/6
  3345 | D:4      | Reached skill level 10 in Polearms
  3359 | D:4      | Found a shimmering altar of Xom.
  3359 | D:4      | Found a shimmering altar of Xom.
  3359 | D:4      | Found a shimmering altar of Xom.
  3594 | D:4      | Reached XP level 7. HP: 31/50 MP: 7/7
  3892 | D:4      | Reached skill level 11 in Polearms
  4385 | D:5      | Entered Level 5 of the Dungeon
  4589 | D:5      | Reached skill level 12 in Polearms
  4767 | D:5      | Found a glowing drain.
  4805 | Sewer    | Entered a sewer
  4805 | Sewer    | Noticed Bonarez's ghost (average GrFi)
  4917 | D:5      | Noticed Prince Ribbit
  4942 | D:5      | Killed Prince Ribbit
  4942 | D:5      | Reached skill level 13 in Polearms
  4942 | D:5      | Reached XP level 8. HP: 3/56 MP: 8/8
  5219 | D:5      | Learned a level 2 spell: Blink
  5222 | D:5      | Learned a level 2 spell: Repel Missiles
  5224 | D:5      | Noticed Eustachio
  5358 | D:4      | HP: 1/56 [green rat[Eustachio] (5)]
  5363 | D:4      | Killed Eustachio
  5642 | D:4      | Reached skill level 14 in Polearms
  6107 | D:6      | Found a staircase to the Ecumenical Temple.
  6121 | D:6      | Noticed Blork the orc
  6136 | D:6      | Killed Blork the orc
  6142 | D:6      | HP: 2/56 [poisoned by a scorpion]
  6143 | D:6      | Gained mutation: Your body is slowly deteriorating. [potion of mutation]
  6143 | D:6      | Gained mutation: You are resistant to hostile enchantments. [potion of mutation]
  6143 | D:6      | Gained mutation: Your system is resistant to poisons. [potion of mutation]
  6144 | D:6      | Succumbed to a scorpion's poison

Action                   |  1- 3 |  4- 6 |  7- 9 || total
-------------------------+-------+-------+-------++-------
Melee: Trident           |   106 |   239 |   426 ||   771
  Use: Potion            |       |     1 |     7 ||     8
       Scroll            |       |       |     8 ||     8
 Stab: Sleeping          |       |     1 |       ||     1
